 Dungeon Crawl Stone Soup version 0.31-a0-851-g7ff8af7976 (webtiles) character file.

Game seed: 6843998591316935581

3 Kurtz the Sneak (level 1, -3/18 HPs)
             Began as a Mummy Delver on Oct 6, 2023.
             Slain by a hobgoblin (4 damage)
             ... on level 2 of the Dungeon.
             The game lasted 00:00:35 (197 turns).

Kurtz the Sneak (Mummy Delver)                       Turns: 197, Time: 00:00:36

Health: -3/18      AC:  3    Str: 15    XL:     1   Next: 41%
Magic:  1/1        EV:  8    Int:  9    God:
Gold:   16         SH:  0    Dex: 13    Spells: 0/0 levels left

rFire   x . .        a - +0 hand axe
rCold   + . .        (no shield)
rNeg    + + +        b - +0 leather armour
rPois   ∞            (no helmet)
rElec   .            (no cloak)
rCorr   .            (no gloves)
SInv    .            (no boots)
Will    .....        (no amulet)
Stlth   ++           (no ring)
HPRegen 0.23/turn    (no ring)
MPRegen 0.07/turn

%: faith
@: constricted
A: cold resistance 1, negative energy resistance 3, torment resistance 2, heat
vulnerability 1, in touch with death 1, no potions, faith
a: no special abilities


You were on level 2 of the Dungeon.
You visited 1 branch of the dungeon, and saw 4 of its levels.

You collected 16 gold pieces.

Inventory:

Hand Weapons
 a - a +0 hand axe (weapon)
Armour
 b - a +0 leather armour (worn)
Wands
 f - a wand of digging (3)
 g - a wand of quicksilver (7)
Scrolls
 c - a scroll of fog
 d - a scroll of revelation
 e - a scroll of fear


   Skills:
 - Level 3.0 Fighting
 * Level 1.9 Axes
 - Level 1.5 Dodging
 - Level 4.1 Stealth


You couldn't memorise any spells.
You didn't know any spells.
Your spell library was empty.

Dungeon Overview and Level Annotations

Branches:
Dungeon (5/15)
 Temple: D:4-7

Altars:

Annotations:
D:3 exclusion: downstairs
D:4 Blork the orc


Innate Abilities, Weirdness & Mutations

You are immune to poison.
Your flesh is cold resistant. (rC+)
You are immune to negative energy. (rN+++)
You are immune to unholy pain and torment.
You are vulnerable to heat. (rF-)
You are in touch with the powers of death.
You do not drink.
You have a special connection with the divine. (Faith)


Message History

A frilled lizard and a goblin come into view.
No target in view!
A hobgoblin comes into view.
The frilled lizard hisses angrily.
The goblin shouts!
The frilled lizard bites you but does no damage.
You slash the frilled lizard!
You kill the frilled lizard!
A ball python comes into view.
The hobgoblin shouts!
You see here a frilled lizard corpse.
The ball python hisses angrily.
You hit the goblin but do no damage. The goblin hits you with a +0 club.
You hit the goblin but do no damage. The goblin hits you with a +0 club.
You hit the goblin.
You kill the goblin!
You barely miss the ball python. The ball python barely misses you.
The ball python grabs you. The ball python constricts you.
You barely miss the ball python.
The ball python bites you but does no damage.
The ball python constricts you. The hobgoblin hits you.
The ball python barely misses you. The ball python constricts you.
You are too injured to fight recklessly!
You are too injured to fight recklessly!
You are too injured to fight recklessly!
You closely miss the hobgoblin. You closely miss the ball python.
The ball python bites you. The ball python constricts you.
The hobgoblin misses you.
You barely miss the ball python. You hit the hobgoblin.
The ball python bites you.
* * * LOW HITPOINT WARNING * * *
The ball python constricts you.
* * * LOW HITPOINT WARNING * * *
The hobgoblin hits you but does no damage.
Unknown command.
You hit the ball python.
The ball python is heavily wounded.
You hit the hobgoblin but do no damage. The ball python bites you.
* * * LOW HITPOINT WARNING * * *
The ball python constricts you. The hobgoblin hits you.
You die...

###. .#....# #...#..#
# ..#..... .#.. .....
#..# #.#.#####.. #)S#
#.#........ ### #@.#
#.#........ ##.####g.#
#.#.####... #........#
#.>........
##.#####.#####.####..#
#.# .##....# #.#
.##.#### #.# .##.#
#.#### .##.# #.##..
.##.#


You could see a hobgoblin and a ball python.

Vanquished Creatures
  A goblin (D:2)
  A ball python (D:3)
  A frilled lizard (D:2)
  A kobold (D:4)
4 creatures vanquished.

Notes
Turn   | Place    | Note
-------+----------+-------------------------------------------
     0 | D:5      | Kurtz the Mummy Delver began the quest for the Orb.
     0 | D:5      | Reached XP level 1. HP: 18/18 MP: 1/1
    93 | D:4      | Noticed Blork the orc
   197 | D:2      | Slain by a hobgoblin

Illustrated notes

Levels and vault maps discovered:
D:2:      layout_loops_ring, basic_altar, serial_park_tiny_2, minmay_unequal,
          uniq_sigmund
D:3:      layout_loops_cross, trog_book, grunt_decor_junction, uniq_jessica
D:4:      corexii_shack_village, layout_rooms, vehumet_crystals,
          uniq_blork_the_orc
D:5:      layout_basic, nicolae_half_adder

Action                     || total
---------------------------++-------
  Melee: Hand axe          ||    12
 Armour: Leather armour    ||    13
  Dodge: Dodged            ||    10

Table legend: (Time is in decaauts)
 A = Elapsed time spent in this place.
 B = Non-inter-level travel time spent in this place.
 C = Inter-level travel time spent in this place.
 D = Time resting spent in this place.
 E = Time spent auto-exploring this place.
 F = Levels seen in this place.
 G = Mean time per level.
                   A        B        C        D        E       F      G
               +--------+--------+--------+--------+--------+-----+--------+
         Total |    198 |    197 |      1 |     63 |     44 |   4 |   49.5 |
       Dungeon |    198 |    197 |      1 |     63 |     44 |   4 |   49.5 |
               +--------+--------+--------+--------+--------+-----+--------+

Top non-repeatable levels by time:
     D:2: 61 daAuts
     D:4: 51 daAuts
     D:5: 47 daAuts
     D:3: 39 daAuts
